Map: Ascension to Aiur LE

Players

noodles

  • Race: Protoss Protoss
  • League: Master
  • Spawn Location: 5:00

PiG - Winner!

  • Race: Protoss Protoss
  • League: Grandmaster
  • Spawn Location: 11:00

VOD

Have the link to the VOD?

Description

Time

  • Played on: June 5, 2017, 5:51 p.m.
  • Length: 13:53
Show
View Real Time Build Order
Export as new Build Order

noodles Protoss 

Build Orders: Blink Stalkers 

Get SALT Encoding   

  12  0:01  Probe (Chrono Boost)  
  13  0:11  Probe (Chrono Boost)  
  14  0:18  Pylon  
  14  0:22  Probe (Chrono Boost)  
  15  0:36  Gateway, Probe (Chrono Boost)  
  16  0:43  Assimilator  
  16  0:46  Probe (Chrono Boost)  
  17  0:57  Assimilator, Probe (Chrono Boost)  
  18  1:07  Probe (Chrono Boost)  
  18  1:10  Gateway  
  19  1:18  Probe (Chrono Boost)  
  20  1:23  Cybernetics Core  
  20  1:29  Probe (Chrono Boost)  
  21  1:34  Pylon  
  21  1:39  Probe (Chrono Boost)  
  22  1:46  Warp Gate  
  22  1:50  Probe (Chrono Boost)  
  23  2:00  Stalker x2  
  27  2:07  Pylon  
  27  2:15  Mothership Core (Chrono Boost)  
  29  2:44  Stalker  
  29  2:46  Nexus  
  31  2:53  Stalker  
  33  3:11  Twilight Council  
  34  3:21  Probe (Chrono Boost)  
  34  3:23  Sentry  
  34  3:26  Pylon  
  36  3:33  Probe (Chrono Boost)  
  37  3:39  Blink  
  37  3:59  Stalker  
  37  4:02  Probe (Chrono Boost)  
  41  4:03  Probe (Chrono Boost)  
  41  4:10  Stalker  
  41  4:13  Probe (Chrono Boost), Robotics Facility  
  41  4:15  Probe (Chrono Boost)  
  45  4:23  Probe (Chrono Boost)  
  46  4:26  Sentry  
  46  4:27  Probe (Chrono Boost)  
  49  4:34  Probe (Chrono Boost)  
  51  4:39  Probe (Chrono Boost)  
  51  4:44  Probe (Chrono Boost)  
  52  4:46  Sentry  
  52  4:51  Probe (Chrono Boost)  
  55  4:55  Probe (Chrono Boost)  
  55  4:58  Observer  
  56  5:03  Probe (Chrono Boost)  
  56  5:04  Pylon  
  59  5:07  Probe (Chrono Boost)  
  59  5:08  Nexus  
  59  5:12  Pylon  
  60  5:15  Probe (Chrono Boost)  
  60  5:18  Immortal  
  61  5:21  Probe (Chrono Boost)  
  61  5:24  Assimilator  
  61  5:25  Assimilator  
  65  5:30  Charge  
  65  5:31  Pylon  
  65  5:34  Probe (Chrono Boost)  
  66  5:39  Probe (Chrono Boost)  
  67  5:44  Zealot x2  
  71  5:52  Probe (Chrono Boost)  
  71  5:57  Gateway x2  
  72  5:59  Probe (Chrono Boost)  
  73  6:05  Immortal  
  73  6:06  Probe (Chrono Boost)  
  78  6:14  Probe (Chrono Boost)  
  80  6:18  Probe (Chrono Boost)  
  80  6:19  Zealot x2  
  80  6:24  Gateway  
  84  6:30  Gateway  
  85  6:33  Probe (Chrono Boost)  
  85  6:37  Forge  
  85  6:39  Probe (Chrono Boost)  
  86  6:41  Probe (Chrono Boost)  
  86  6:45  Probe (Chrono Boost)  
  86  6:46  Templar Archives  
  88  6:52  Probe (Chrono Boost)  
  88  6:54  Pylon, Probe (Chrono Boost)  
  90  6:59  Probe (Chrono Boost)  
  91  7:01  Zealot  
  91  7:02  Zealot x2  
  98  7:08  Protoss Ground Weapons Level 1, Probe (Chrono Boost)  
  98  7:15  Stalker  
  89  7:23  Gateway  
  89  7:25  Stalker x4  
  97  7:34  Probe (Chrono Boost)  
  97  7:35  Probe (Chrono Boost)  
  97  7:36  Probe (Chrono Boost)  
  100  7:40  Immortal  
  100  7:42  High Templar x2  
  108  7:46  Pylon  
  100  8:08  Zealot x3  
  100  8:09  Zealot  
  109  8:12  Pylon  
  109  8:13  Pylon, Probe (Chrono Boost)  
  109  8:16  Archon  
  109  8:25  Stargate  
  109  8:26  Stargate  
  109  8:31  Assimilator, Probe (Chrono Boost)  
  109  8:32  Probe (Chrono Boost)  
  109  8:33  Probe (Chrono Boost)  
  109  8:36  Stalker, Assimilator  
  109  8:37  Stalker x3  
  109  8:39  Stalker  
  114  8:53  Probe x2 (Chrono Boost)  
  114  8:55  Probe (Chrono Boost)  
  117  9:04  High Templar x2  
  117  9:05  Probe (Chrono Boost)  
  117  9:06  Probe x2 (Chrono Boost)  
  117  9:09  Archon  
  124  9:15  Protoss Ground Weapons Level 2  
  125  9:18  Pylon, Probe (Chrono Boost)  
  125  9:24  Pylon  
  125  9:32  Phoenix x2  
  125  9:35  Pylon  
  125  9:36  Probe (Chrono Boost)  
  125  9:37  Probe x2 (Chrono Boost)  
  132  9:46  Probe (Chrono Boost)  
  132  9:47  Nexus  
  132  9:49  Probe x2 (Chrono Boost)  
  132  9:50  Pylon  
  135  9:57  Probe (Chrono Boost)  
  136  10:00  Phoenix x2  
  136  10:02  Probe (Chrono Boost)  
  141  10:09  Pylon  
  141  10:10  Probe (Chrono Boost), High Templar x3  
  148  10:18  Archon  
  148  10:19  High Templar  
  146  10:22  Phoenix  
  147  10:29  Stalker x2  
  151  10:38  Zealot  
  151  10:39  Archon  
  151  10:40  Phoenix  
  153  10:43  Phoenix  
  157  10:59  Nexus  
  157  11:00  Pylon  
  157  11:05  Photon Cannon  
  157  11:11  Photon Cannon  
  157  11:12  Fleet Beacon  
  157  11:17  Phoenix  
  159  11:19  Zealot x3  
  136  11:44  Probe x2 (Chrono Boost)  
  136  11:45  Zealot x2  
  136  11:46  Zealot x5  
  147  11:58  Probe x2 (Chrono Boost)  
  144  12:07  Probe (Chrono Boost)  
  143  12:10  Probe x2 (Chrono Boost)  
  143  12:15  Nexus  
  144  12:17  Pylon  
  144  12:18  Probe (Chrono Boost)  
  144  12:22  Probe x2 (Chrono Boost)  
  153  12:28  Pylon x2, Probe (Chrono Boost)  
  154  12:30  Photon Cannon, Pylon  
  154  12:34  Probe (Chrono Boost)  
  155  12:43  High Templar x2  
  155  12:44  High Templar x2  
  161  12:47  Archon x2  
  169  12:58  Photon Cannon x2  
  169  13:00  Photon Cannon  
  160  13:28  Zealot x2  
  160  13:29  Zealot x2  
Show
View Real Time Build Order
Export as new Build Order

PiG Protoss - Winner!

Build Orders:  

Get SALT Encoding   

  12  0:01  Probe (Chrono Boost)  
  13  0:12  Probe (Chrono Boost)  
  14  0:18  Pylon  
  14  0:23  Probe (Chrono Boost)  
  15  0:36  Probe (Chrono Boost)  
  15  0:37  Gateway  
  15  0:42  Assimilator  
  16  0:47  Probe (Chrono Boost)  
  17  0:57  Probe (Chrono Boost)  
  17  0:59  Assimilator  
  18  1:08  Probe (Chrono Boost)  
  18  1:09  Gateway  
  19  1:19  Probe (Chrono Boost)  
  20  1:26  Cybernetics Core  
  20  1:29  Probe (Chrono Boost)  
  21  1:40  Probe (Chrono Boost)  
  21  1:44  Pylon  
  22  1:48  Warp Gate  
  22  1:50  Probe (Chrono Boost)  
  23  2:03  Probe (Chrono Boost)  
  23  2:04  Stalker x2  
  28  2:13  Pylon  
  30  2:18  Mothership Core (Chrono Boost)  
  30  2:34  Stalker x2  
  35  2:37  Probe (Chrono Boost)  
  36  2:51  Probe (Chrono Boost)  
  36  3:03  Probe (Chrono Boost)  
  37  3:06  Nexus  
  37  3:15  Probe (Chrono Boost)  
  38  3:20  Robotics Facility  
  38  3:28  Pylon  
  38  3:33  Probe (Chrono Boost)  
  37  3:45  Probe (Chrono Boost)  
  38  3:54  Sentry x2  
  42  3:57  Probe (Chrono Boost)  
  42  4:05  Observer  
  42  4:08  Twilight Council  
  42  4:09  Probe (Chrono Boost)  
  44  4:20  Pylon, Probe (Chrono Boost)  
  44  4:21  Stalker x2, Probe (Chrono Boost)  
  50  4:30  Probe (Chrono Boost)  
  51  4:31  Immortal  
  51  4:33  Probe (Chrono Boost)  
  56  4:41  Probe (Chrono Boost)  
  57  4:48  Blink  
  57  4:49  Assimilator  
  57  4:50  Probe (Chrono Boost)  
  58  5:03  Pylon, Probe (Chrono Boost)  
  58  5:05  Probe (Chrono Boost)  
  60  5:08  Assimilator  
  60  5:13  Immortal  
  61  5:15  Probe (Chrono Boost)  
  61  5:18  Probe (Chrono Boost)  
  66  5:27  Probe (Chrono Boost)  
  67  5:32  Probe (Chrono Boost)  
  68  5:38  Gateway  
  68  5:39  Probe (Chrono Boost)  
  68  5:40  Gateway  
  69  5:47  Immortal  
  69  5:48  Probe (Chrono Boost)  
  69  5:49  Pylon  
  75  5:57  Probe (Chrono Boost)  
  75  6:00  Probe (Chrono Boost)  
  76  6:05  Stalker  
  76  6:07  Stalker  
  80  6:21  Warp Prism  
  80  6:24  Nexus  
  81  6:27  Probe (Chrono Boost)  
  81  6:32  Pylon  
  83  6:35  Pylon  
  83  6:36  Sentry, Probe (Chrono Boost)  
  86  6:45  Robotics Bay  
  88  6:54  Pylon  
  88  6:55  Probe (Chrono Boost)  
  88  6:56  Probe (Chrono Boost)  
  88  6:58  Stalker x3  
  94  7:10  Charge  
  92  7:26  Probe x2 (Chrono Boost)  
  92  7:39  Disruptor  
  92  7:40  Zealot x4  
  92  7:42  Probe (Chrono Boost)  
  92  7:43  Probe x2 (Chrono Boost)  
  101  7:45  Assimilator  
  104  7:55  Probe (Chrono Boost)  
  105  8:03  Adept x3  
  105  8:05  Stalker  
  105  8:08  Probe (Chrono Boost)  
  105  8:10  Disruptor, Probe (Chrono Boost)  
  107  8:12  Robotics Facility  
  110  8:23  Probe x2 (Chrono Boost)  
  110  8:25  Probe (Chrono Boost)  
  110  8:26  Assimilator  
  113  8:29  Stalker  
  113  8:30  Stalker x3  
  122  8:35  Probe (Chrono Boost)  
  116  8:54  Forge  
  116  9:03  Gateway  
  116  9:05  Gateway  
  116  9:06  Gateway  
  116  9:07  Stalker x4  
  124  9:17  Protoss Ground Weapons Level 1  
  124  9:29  Photon Cannon  
  124  9:30  Photon Cannon  
  124  9:31  Pylon  
  124  9:32  Pylon  
  124  9:33  Photon Cannon  
  124  9:35  Pylon  
  124  9:38  Photon Cannon  
  124  9:44  Disruptor  
  124  9:48  Disruptor  
  124  9:50  Pylon  
  130  9:59  Zealot x4  
  138  10:01  Pylon  
  138  10:08  Zealot x2  
  138  10:13  Nexus  
  142  10:15  Disruptor  
  142  10:17  Assimilator  
  142  10:21  Assimilator  
  145  10:24  Disruptor  
  148  10:40  Zealot x3  
  148  10:41  Zealot x4  
  162  10:46  Disruptor  
  162  10:54  Templar Archives  
  165  11:10  Photon Cannon  
  165  11:12  Photon Cannon  
  165  11:22  Probe (Chrono Boost)  
  162  11:29  Disruptor  
  160  11:33  Warp Prism  
  159  11:45  High Templar x3  
  159  11:46  High Templar x3  
  161  12:02  Archon x2  
  161  12:06  Archon  
  161  12:07  High Templar  
  155  12:15  Gateway  
  155  12:16  Gateway  
  155  12:17  Gateway  
  155  12:18  Gateway  
  155  12:19  Pylon  
  155  12:21  Pylon, Probe x2 (Chrono Boost), Gateway x2  
  157  12:23  Gateway  
  157  12:24  Gateway, Warp Prism  
  157  12:27  High Templar  
  157  12:28  High Templar x2  
  165  12:32  Archon x2  
  165  12:37  Dark Shrine  
  165  12:39  Photon Cannon  
  167  12:44  Probe x2 (Chrono Boost)  
  167  12:53  Nexus  
  167  12:58  Zealot x4  
  174  13:01  Zealot x2  
  174  13:02  Zealot  
  178  13:14  Zealot  
  178  13:15  Zealot  
  162  13:45  Zealot x3  
  162  13:46  Zealot x7  
Tags
 
Add a new tag
Caveats
  • Supply blocks, unpowered buildings, or Contaminate may cause inaccurate times.
  • Supply counts are checked every 10 seconds.